 Seeded DCSS version 0.30.0-19-g36f170ea60 (webtiles) character file.

Game seed: 10116234384956003566 (custom seed)

18 bmack86 the Chopper (level 2, -3/26 HPs)
             Began as a Minotaur Fighter on May 29, 2023.
             Slain by a gnoll
             ... wielding a +0 whip
              (7 damage)
             ... on level 2 of the Dungeon.
             The game lasted 00:01:45 (891 turns).

bmack86 the Chopper (Minotaur Fighter)               Turns: 891, Time: 00:01:45

Health: -3/26      AC:  9    Str: 20    XL:     2   Next: 51%
Magic:  1/1        EV:  9    Int:  5    God:
Gold:   17         SH:  4    Dex:  9    Spells: 1/1 levels left

rFire   . . .        a - +0 war axe
rCold   . . .        c - +0 buckler
rNeg    . . .        b - +0 scale mail
rPois   .            (helmet restricted)
rElec   .            (no cloak)
rCorr   .            f - +0 pair of gloves
SInv    .            k - +0 pair of boots
Will    .....        h - amulet of regeneration Stlth
                     (no ring)
HPRegen 1.04/turn    (no ring)
MPRegen 0.07/turn

%: no passive effects
@: no status effects
A: horns 2, retaliatory headbutt
a: no special abilities


You were on level 2 of the Dungeon.
You visited 1 branch of the dungeon, and saw 2 of its levels.

You collected 75 gold pieces.
You spent 58 gold pieces at shops.

Inventory:

Hand Weapons
 a - a +0 war axe (weapon)
Missiles
 l - 5 javelins (quivered)
Armour
 b - a +0 scale mail (worn)
 c - a +0 buckler (worn)
 f - a +0 pair of gloves (worn)
 k - a +0 pair of boots (worn)
Jewellery
 h - an amulet of regeneration (around neck)
Scrolls
 e - a scroll of magic mapping
 i - a scroll of amnesia {unknown}
 m - a scroll of butterflies {unknown}
 n - a scroll of identify {unknown}
Potions
 d - a potion of might
 g - a potion of lignification {unknown}
 j - a potion of brilliance {unknown}


   Skills:
 - Level 3.6 Fighting
 + Level 3.9 Axes
 - Level 3.6 Armour
 - Level 3.6 Shields


You had one spell level left.
You didn't know any spells.
Your spell library contained the following spells:

 Spells                   Type           Power      Damage    Failure   Level
 Vhi's Electric Charge    Tloc/Air       0%         N/A       99%         3
 Arcjolt                  Conj/Air       0%         1d10      100%        5
 Maxwell's Capacitive Co  Air            0%         ∞         100%        8


Dungeon Overview and Level Annotations

Branches:
Dungeon (2/15)

Altars:

Shops:
D:1 [


Innate Abilities, Weirdness & Mutations

You have a pair of horns on your head.
You reflexively headbutt those who attack you in melee.


Message History

There is a stone staircase leading down here.
There is a dry fountain here.
You see here a +0 leather armour.
There is a dry fountain here.
e - 2 scrolls labelled ZORUJO GIX PEZ (gained 1)
m - a scroll labelled ENOTUW YFEDOTZ
There is a stone staircase leading down here.
You see here a +0 dagger.
Done exploring.
There is a stone staircase leading down here.
You climb downwards.
There is a stone staircase leading up here.
As you read the scroll labelled ZORUJO GIX PEZ, it crumbles to dust.
You feel aware of your surroundings.
You sensed 1 altar.
It was a scroll of magic mapping.
You barely miss the ball python. You headbutt the ball python.
You kill the ball python!
You see here a ball python corpse.
Found an escape hatch in the ceiling.
You now have 17 gold pieces (gained 9).
n - a scroll labelled ZUVOAGGUJA A gnoll comes into view.
It is wielding a +0 whip.
The gnoll shouts!
A gnoll comes into view. It is wielding a +0 halberd.
A gnoll comes into view. It is wielding a +0 spear.
The gnoll shouts!
The gnoll hits you with a +0 whip.
The gnoll hits you from afar with a +0 halberd.
The gnoll hits you from afar with a +0 spear.
You hit the gnoll but do no damage. Your headbutt misses the gnoll.
The gnoll barely misses you. x2; You block the gnoll's attack.
You slash the gnoll! Your headbutt misses the gnoll.
The gnoll is severely wounded.
The gnoll hits you but does no damage.
The gnoll hits you from afar with a +0 halberd!
The gnoll misses you. You block the gnoll's attack.
The gnoll hits you from afar with a +0 spear.
* * * LOW HITPOINT WARNING * * *
The gnoll hits you with a +0 whip!
You die...

*,#######.##.........#
*
*,#..................#
*
*,*.#####.#.##########
* *,*,* #.#.## *
*,#.#####....# *
*,#..........# *
*,#####......# * *,*
#.###### * *,* #@#
*,****#g#* *,,,,,.gg*
*****....# #....#
******* #....# *,,,,,*
#....# *,,,,,* ######
*,,,,,* *,,,,,,


You could see 3 gnolls.

Vanquished Creatures
  A bat (D:1)
  An endoplasm (D:1)
  2 giant cockroaches (D:1)
  2 hobgoblins (D:1)
  A kobold (D:1)
  2 quokkas (D:1)
  3 ball pythons
  2 frilled lizards (D:1)
  3 rats (D:1)
17 creatures vanquished.

Notes
Turn   | Place    | Note
-------+----------+-------------------------------------------
     0 | D:1      | bmack86 the Minotaur Fighter began the quest for the Orb.
     0 | D:1      | Reached XP level 1. HP: 19/19 MP: 0/0
   229 | D:1      | Reached XP level 2. HP: 26/26 MP: 1/1
   529 | D:1      | Found Wyroumnu's Armour Shop.
   542 | D:1      | Bought a +0 pair of boots for 58 gold pieces
   891 | D:2      | Slain by a gnoll

Illustrated notes

Levels and vault maps discovered:
D:1:      eino_arrival_cavern_a, layout_basic, serial_shops,
          nicolae_lakefront_shop
D:2:      layout_basic, shapermc_ecumenical_altar_mp_highgroup

Skill      XL: |  1 |
---------------+----+-----
Axes           | 3 |  3.9
Fighting       | |  3.6
Armour         | |  3.6
Shields        | |  3.6

Action                     || total
---------------------------++-------
  Melee: War axe           ||    37
         Headbutt          ||     4
    Use: Scroll            ||     1
 Armour: Scale mail        ||    19
  Dodge: Dodged            ||    21
  Block: Buckler           ||     9
